 Dungeon Crawl Stone Soup version 0.29.1-15-g9cfb28693d (webtiles) character file.

Game seed: 8909235547352778211

61 Farfigtubin the Chopper (level 4, -3/40 HPs)
             Began as a Hill Orc Fighter on Mar 10, 2023.
             Slain by Grinder (4 damage)
             ... on level 3 of the Dungeon.
             The game lasted 00:08:14 (1954 turns).

Farfigtubin the Chopper (Hill Orc Fighter)          Turns: 1954, Time: 00:08:14

Health: -3/40      AC:  6    Str: 20    XL:     4   Next: 7%
Magic:  4/4        EV:  9    Int:  8    God:
Gold:   120        SH:  4    Dex: 10    Spells: 3/3 levels left

rFire   . . .      SeeInvis .   a - +0 war axe
rCold   . . .      Faith    .   c - +0 buckler
rNeg    . . .      Spirit   .   b - +0 scale mail
rPois   .          Reflect  .   (no helmet)
rElec   .          Harm     .   (no cloak)
rCorr   .          Rampage  .   (no gloves)
Will    .....                   (no boots)
Stlth   ..........              (no amulet)
HPRegen 0.13/turn               (no ring)
MPRegen 0.09/turn               (no ring)

@: no status effects
A: no striking features
a: no special abilities


You were on level 3 of the Dungeon.
You visited 1 branch of the dungeon, and saw 3 of its levels.

You collected 120 gold pieces.

Inventory:

Hand Weapons
 a - a +0 war axe (weapon)
Missiles
 h - 20 stones (quivered)
Armour
 b - a +0 scale mail (worn)
 c - a +0 buckler (worn)
Wands
 t - a wand of flame (16)
 w - a wand of digging (6)
Scrolls
 e - 2 scrolls of poison
 f - a scroll of vulnerability {unknown}
 g - a scroll of enchant weapon {unknown}
 j - a scroll of amnesia {unknown}
 l - a scroll of noise {unknown}
 m - a scroll of silence {unknown}
 n - a scroll of summoning {unknown}
 o - a scroll of teleportation {unknown}
 s - a scroll of identify {unknown}
 u - a scroll of magic mapping
Potions
 d - a potion of might
 i - a potion of flight {unknown}
 k - a potion of mutation {unknown}
 p - a potion of magic {unknown}
 q - a potion of degeneration {unknown}
 r - a potion of invisibility {unknown}
 v - a potion of attraction {unknown}
 x - a potion of berserk rage {unknown}


   Skills:
 + Level 4.2 Fighting
 * Level 4.4 Axes
 - Level 3.2 Armour
 + Level 3.8 Shields


You had 3 spell levels left.
You didn't know any spells.
Your spell library contained the following spells:

 Spells                   Type           Power      Damage    Failure   Level
 Gell's Gravitas          Tloc           0%         N/A       99%         3
 Lesser Beckoning         Tloc           0%         N/A       99%         3
 Teleport Other           Tloc           0%         N/A       99%         3


Dungeon Overview and Level Annotations

Branches:
Dungeon (3/15)

Altars:

Shops:
D:1 *

Annotations:
D:3 Grinder


Message History

Grinder blinks!
e - 2 scrolls of poison (gained 1)
Found a dented silver amulet.
Grinder gestures at you. Pain shoots through your body!
Aiming: Throw Flame
Press: ? - help, Shift-Dir - straight line, f - Grinder
Aim: Grinder (heavily wounded, 64% to hit)
The puff of flame hits Grinder!
Grinder is severely wounded.
Sorry, you're not good enough to have a special ability.
Throw: 20 stones
Press: ? - help, Q - select action, (/) - cycle Shift-Dir - straight line, f/p - Grinder
Aim: Grinder (severely wounded, 53% to hit)
Okay, then.
Aiming: Throw Flame
Press: ? - help, Shift-Dir - straight line, f/p - Grinder
Aim: Grinder (severely wounded, 64% to hit)
The puff of flame misses Grinder.
Grinder blinks!
Grinder gestures at you. Pain shoots through your body!
* * * LOW HITPOINT WARNING * * *
Grinder gestures at you. Pain shoots through your body!
* * * LOW HITPOINT WARNING * * *
Grinder hits you but does no damage.
You barely miss Grinder.
Grinder is severely wounded.
Grinder hits you.
* * * LOW HITPOINT WARNING * * *
You writhe in agony.
* * * LOW HITPOINT WARNING * * *
You closely miss Grinder.
Grinder is severely wounded.
Grinder hits you but does no damage.
You hit Grinder but do no damage.
Grinder is severely wounded.
Grinder hits you.
You die...

*,*,*
*,,,,,,,,,,,****,* *,*
***,*,* *,****#.#**,#
*,* *,* ,,,,*,* *,* #.#
*"# *,* *,* *****,* *,*
#.###.****,****,* *,*
*,* ##....,,,,,>,,,,,*
*,*
*,*###....,,,,,,,******
*,* #,*#...!.#*,#*****
* *,* #.##.#5#.##.#
*****,* #.....@.....#
,,,,,,* ####.#.#.####
******* #.....# ,,,*
###.### ,,,******** #.#
,,,,,,,,,,* #.#
,,,******,* #.# ,,,*
*,* #.# **** *.######.#


You could see Grinder.

Vanquished Creatures
  2 worms (D:2)
  10 endoplasms
  3 giant cockroaches
  5 goblins
  4 hobgoblins
  2 jackals (D:2)
  4 kobolds
  4 quokkas (D:1)
  6 ball pythons
  2 bats
  A frilled lizard (D:1)
  6 rats
49 creatures vanquished.

Notes
Turn   | Place    | Note
-------+----------+-------------------------------------------
     0 | D:1      | Farfigtubin the Hill Orc Fighter began the quest for the
                  | Orb.
     0 | D:1      | Reached XP level 1. HP: 19/19 MP: 1/1
   161 | D:1      | Reached XP level 2. HP: 27/27 MP: 2/2
   420 | D:1      | Found Emoun's Assorted Antiques.
   514 | D:1      | Reached XP level 3. HP: 33/33 MP: 3/3
  1549 | D:2      | Reached XP level 4. HP: 40/40 MP: 4/4
  1935 | D:3      | Noticed Grinder
  1952 | D:3      | HP: 1/40 [Grinder (5)]
  1954 | D:3      | Slain by Grinder

Illustrated notes

Levels and vault maps discovered:
D:1:      shiori_arrival_maze, layout_basic, serial_shops,
          nicolae_shop_behind_doors, minmay_misc_feat_plants
D:2:      layout_basic, hangedman_abyss_or_decor_lesser_grid,
          kennysheep_generic_room_11
D:3:      layout_loops_ring, uniq_natasha, uniq_grinder

Skill      XL: |  1  2  3 |
---------------+----------+-----
Axes           | 3 4 |  4.4
Fighting       | 4 |  4.2
Armour         | |  3.2
Shields        | |  3.8

Action                   |  1- 3 |  4- 6 || total
-------------------------+-------+-------++-------
Melee: War axe           |   106 |    14 ||   120
Evoke: Wand              |       |     2 ||     2
  Use: Scroll            |       |     2 ||     2
Armor: Scale mail        |    35 |     5 ||    40
Dodge: Dodged            |    23 |     2 ||    25
Block: Buckler           |    14 |     5 ||    19
